 Dungeon Sprint DCSS version 0.28.0-53-g5a82cb258f (webtiles) character file.

Game seed: 7665334003932227581

7725 Revguard the Severer (level 11, -12/106 HPs)
             Began as a Deep Dwarf Gladiator on July 29, 2022.
             Was the Champion of Makhleb.
             Killed from afar by an orb of fire (55 damage)
             ... with a bolt of fire
             ... in the Dungeon (Sprint V: "Ziggurat Sprint").
             The game lasted 00:06:45 (435 turns).

Revguard the Severer (Deep Dwarf Gladiator)          Turns: 435, Time: 00:06:45

Health: -12/106    AC: 37    Str: 18    XL:     11   Next: 0%
Magic:  20/20      EV: 17    Int:  9    God:    Makhleb [******]
Gold:   0          SH:  0    Dex: 24    Spells: 10/10 levels left

rFire   . . .      SeeInvis +   E - +14 obsidian axe {vorpal, Mesm Drain Fly SInv}
rCold   . . .      Faith    .   (no shield)
rNeg    . . .      Spirit   .   G - +15 Maxwell's patent armour {-Cast -Tele rElec Will+ rCorr}
rPois   +          Reflect  .   c - +0 helmet
rElec   +          Harm     .   L - +2 cloak {rPois}
rCorr   +          Rampage  .   (no gloves)
Will    ++...      NoTele   +   (no boots)
Stlth   .......... NoCast   +   (no amulet)
HPRegen 0.00/turn               v - +6 ring of dexterity
MPRegen 0.17/turn               I - +4 ring of evasion

@: flying, mesmerised, studying Conjurations
A: damage resistance, heal wounds, sense surroundings 2, no regeneration
a: Heal Wounds, Renounce Religion, Minor Destruction, Lesser Servant of Makhleb,
Major Destruction, Greater Servant of Makhleb


You were in the Dungeon.
You worshipped Makhleb.
Makhleb was exalted by your worship.
You visited 1 branch

Inventory:

Hand Weapons
 E - the +14 obsidian axe (weapon) {vorpal, Mesm Drain Fly SInv}
   (You found it in the Dungeon)

   It inflicts extra damage upon your enemies.
   It occasionally summons demons to assist the wielder when it strikes in
   combat.
   Its wielder is mesmerised by any visible foes.
   It cannot be unequipped while any foes are visible.
   SInv:      It lets you see invisible.
   Fly:       It grants you flight.
   Drain:     It drains your maximum health when unequipped.
Missiles
 d - 3 throwing nets (quivered)
Armour
 c - a +0 helmet (worn)
 G - the +15 Maxwell's patent armour (worn) {-Cast -Tele rElec Will+ rCorr}
   (You found it in the Dungeon)

   rElec:     It insulates you from electricity.
   -Cast:     It prevents spellcasting.
   -Tele:     It prevents most forms of teleportation.
   rCorr:     It protects you from acid and corrosion.
   Will:      It increases your willpower.
 L - a +2 cloak of poison resistance (worn)
Jewellery
 a - a ring of magical power
 u - a ring of flight
 v - a +6 ring of dexterity (left hand)
 I - a +4 ring of evasion (right hand)
Wands
 B - a wand of mindburst (7)
 C - a wand of iceblast (7)
 D - a wand of acid (7)
Scrolls
 j - 4 scrolls of blinking
 p - 4 scrolls of amnesia
 q - 7 scrolls of fog
 r - a scroll of holy word
 s - 5 scrolls of identify
 t - 2 scrolls of fear
 H - a scroll of brand weapon
Potions
 e - 10 potions of curing
 f - 10 potions of heal wounds
 g - 6 potions of haste
 h - 7 potions of magic
 i - 3 potions of berserk rage
 k - 2 potions of brilliance
 l - 2 potions of invisibility
 m - 4 potions of resistance
 o - 5 potions of might
Miscellaneous
 b - a tin of tremorstones (2/2)
 n - a box of beasts (inert)
 M - a condenser vane


   Skills:
 + Level 9.0 Fighting
 * Level 15.1 Axes
 - Level 1.7 Throwing
 * Level 14.7 Armour
 + Level 11.1 Dodging
 + Level 12.3 Invocations
 + Level 12.5 Evocations


You had 10 spell levels left.
You didn't know any spells.
Your spell library contained the following spells:

 Spells                   Type           Power      Damage    Failure   Level
 Animate Skeleton         Necr           0%         N/A       99%         1
 Apportation              Tloc           0%         N/A       99%         1
 Shock                    Conj/Air       0%         1d3       99%         1
 Summon Small Mammal      Summ           0%         N/A       99%         1
 Gell's Gravitas          Tloc           0%         N/A       100%        3
 Swiftness                Air            0%         N/A       100%        3
 Airstrike                Air            0%         N/A       100%        4
 Cause Fear               Hex            0%         N/A       100%        4
 Iskenderun's Mystic Bla  Conj/Tloc      0%         2d3       100%        4
 Passage of Golubria      Tloc           0%         N/A       100%        4
 Summon Lightning Spire   Summ/Air       0%         N/A       100%        4
 Lightning Bolt           Conj/Air       0%         1d11      100%        5
 Dragon Form              Tmut           0%         N/A       100%        7
 Borgnjor's Revivificati  Necr           0%         N/A       100%        8
 Necromutation            Tmut/Necr      0%         N/A       100%        8
 Death's Door             Necr           0%         N/A       100%        9
 Dragon's Call            Summ           0%         N/A       100%        9


Dungeon Overview and Level Annotations

Branches:
Dungeon (1/1)

Altars:
Ashenzari
Cheibriados
Dithmenos
Elyvilon
Fedhas
Gozag
Hepliaklqana
Kikubaaqudgha
Makhleb
Nemelex Xobeh
Okawaru
Qazlal
Ru
Sif Muna
Trog
Uskayaw
Vehumet
Wu Jian
Xom
Yredelemnul
Zin
The Shining One
Beogh
Jiyva
Lugonu


Innate Abilities, Weirdness & Mutations

You are resistant to damage.
You can heal yourself by infusing magical energy.
You passively map the area around you.
You do not regenerate.


Message History

You start resting.
Your mature fireweird beast is engulfed in blazing flames.
You start resting.
Your mature fireweird beast is engulfed in blazing flames.
Your mature fireweird beast is engulfed in blazing flames.
Your mature fireweird beast is engulfed in blazing flames.
You start waiting.
Your mature fireweird beast disappears in a puff of smoke!
Your neqoxec disappears in a puff of smoke!
Done waiting.
Things that are here:
a +0 long sword; an elf corpse You see here a tin of tremorstones (2/2).
b - a tin of tremorstones (2/2)
You pick up a book of the Dragon and begin reading...
You add the spells Cause Fear, Dragon Form and Dragon's Call to your library.
u - a ring of flight
There is a transporter here.
Welcome to arena 11.
You enter the transporter and appear at another place. 2 draconians, a tentacled monstrosity, an Orb Guardian and an orb of fire come into view.
Visions of slaying the tentacled monstrosity flood into your mind.
The white draconian roars!
You hear a roar!
A white draconian comes into view. It is wielding a +0 scimitar.
A green draconian comes into view. It is wielding a +0 long sword.
The orb of fire glows deep purple.
The fireball explodes!
The fireball engulfs you!!!
Ouch! That really hurt!
A black draconian comes into view. It is wielding a +2 vorpal glaive.
The green draconian roars!
The black draconian roars!
Found five items.
You open the lid... ...and a mature stingbat beast flies out!
The box is emptied!
Visions of slaying the Orb Guardian flood into your mind.
The white draconian roars!
The orb of fire glows deep purple.
The bolt of fire hits you!!!
Ouch! That really hurt!
You die...

, * ,,,▓..})..)..▓
,▓..ddXd[..▓...|))...▓
, ▓..dd.*...▓...).....▓
, ,
▓....X....▓..).)))..▓ ,
,▓.........▓...))....▓
,,▓.........▓...).....▓
* ▓.........▓.▓.....▓.▓
, *
▓.▓.H...▓.▓....©....▓ ,
, ▓....@....▓▓▓▓▓▓▓▓▓▓▓
* * ▓▓▓▓▓▓▓▓▓▓▓ * * *
** , , 8 8 , ,, , , ,,
,,, , , ,, , ,, , , ,,,
, , , ,, ,,,*, , , , ,
, ,,,, , , ,


You could see an orb of fire, a tentacled monstrosity, a black draconian, a
green draconian, a red draconian, 2 draconians, an Orb Guardian (mesmerising)
and a friendly mature stingbat beast (summoned).

Vanquished Creatures
  2 deep elf knights (D)
  2 deep elf zephyrmancers (D)
  2 deep elf pyromancers (D)
  A deep elf archer (D)
  2 cane toads (D)
  3 wind drakes (D)
  2 tarantellas (D)
  2 nagas (D)
  4 water moccasins (D)
  A hell hound (D)
  A wolf (D)
  A centaur (D)
  2 phantoms (D)
  A bullfrog (D)
  2 scorpions (D)
  An iguana (D)
  An adder (D)
  A river rat (D)
  4 adder skeletons (D)
  3 ball pythons (D)
  A bat skeleton (D)
  A bat zombie (D)
  A jackal (D)
  A ball python skeleton (D)
  A ball python zombie (D)
43 creatures vanquished.

Vanquished Creatures (collateral kills)
  A deep elf death mage (D)
  2 cane toads (D)
  A wind drake (D)
  A merfolk (D)
  A yak (D)
  An earth elemental (D)
  An iron imp (D)
  An iguana (D)
  An adder (D)
  A jackal (D)
11 creatures vanquished.

Grand Total: 54 creatures vanquished

Notes
Turn   | Place    | Note
-------+----------+-------------------------------------------
     0 | D        | Revguard the Deep Dwarf Gladiator began the quest for the
                  | Orb.
     0 | D        | Reached XP level 1. HP: 19/19 MP: 1/1
     0 | D        | Found a shimmering blue altar of Sif Muna.
     0 | D        | Found a bloodstained altar of Trog.
     0 | D        | Found a sacrificial altar of Ru.
     0 | D        | Found a stormy altar of Qazlal.
     0 | D        | Found an iron altar of Okawaru.
     2 | D        | Found a sparkling altar of Nemelex Xobeh.
     2 | D        | Found a blossoming altar of Fedhas.
     2 | D        | Found the +6 Majin-Bo {vamp, MP+6 Int+6}
     2 | D        | Found the +9 heavy crossbow "Sniper" {vorpal, Acc+∞ SInv}
     2 | D        | Found the +10 dark maul {vorpal}
     2 | D        | Found the +15 Maxwell's patent armour {-Cast -Tele rElec
                  | Will+ rCorr}
     2 | D        | Found the +18 shield of the Gong {rElec rN+ Will+ EV-5}
     2 | D        | Found the +14 obsidian axe {vorpal, Mesm Drain Fly SInv}
     2 | D        | Found the +7 great mace "Firestarter" {inner flame, rF++}
     2 | D        | Found the +6 shillelagh "Devastator" {shatter}
     2 | D        | Found the +11 plutonium sword {Contam Stlth-}
     2 | D        | Found the +8 lance "Wyrmbane" {slay drac, rPois rF+ rC+
                  | AC+3}
     2 | D        | Found the +9 sword of Zonguldrok {reap}
     2 | D        | Found the +13 scythe of Curses {drain, Drain}
     2 | D        | Found the +5 sword of Power {vorpal}
     2 | D        | Found the +7 mace of Variability {chain chaos}
     2 | D        | Found the +7 Singing Sword {vorpal, sonic wave}
     2 | D        | Found the +8 storm bow {elec, penet}
     4 | D        | Found a transporter.
     4 | D        | Found an ancient bone altar of Kikubaaqudgha.
     4 | D        | Found a viscous altar of Jiyva.
     4 | D        | Found a corrupted altar of Lugonu.
     4 | D        | Found a hazy altar of Hepliaklqana.
     4 | D        | Found a burning altar of Makhleb.
     4 | D        | Found an opulent altar of Gozag.
    29 | D        | Became a worshipper of Makhleb the Destroyer
    47 | D        | Reached skill level 5 in Axes
    47 | D        | Reached XP level 2. HP: 27/27 MP: 1/4
    84 | D        | Entered arena 2.
    84 | D        | Found a transporter.
    94 | D        | Entered arena 3.
    94 | D        | Noticed a hell hound
    94 | D        | Found a transporter.
    96 | D        | Reached * piety under Makhleb
    99 | D        | Killed a hell hound
   100 | D        | Reached skill level 6 in Axes
   100 | D        | Reached skill level 5 in Armour
   100 | D        | Reached skill level 5 in Dodging
   100 | D        | Reached XP level 3. HP: 17/36 MP: 4/6
   100 | D        | Reached XP level 4. HP: 20/44 MP: 4/7
   130 | D        | Entered arena 4.
   130 | D        | Noticed a scorpion
   130 | D        | Noticed a scorpion
   130 | D        | Noticed a tarantella
   130 | D        | Noticed a tarantella
   130 | D        | Found a transporter.
   132 | D        | Killed a tarantella
   132 | D        | Reached ** piety under Makhleb
   133 | D        | Reached skill level 8 in Axes
   133 | D        | Reached XP level 5. HP: 38/51 MP: 7/9
   133 | D        | Reached XP level 6. HP: 43/58 MP: 7/10
   137 | D        | Killed a tarantella
   138 | D        | Reached skill level 5 in Fighting
   138 | D        | Reached skill level 9 in Axes
   138 | D        | Reached XP level 7. HP: 46/67 MP: 7/12
   153 | D        | Entered arena 5.
   153 | D        | Found a transporter.
   155 | D        | Reached *** piety under Makhleb
   167 | D        | Entered arena 6.
   167 | D        | Found a transporter.
   169 | D        | Reached **** piety under Makhleb
   170 | D        | Reached skill level 10 in Axes
   176 | D        | Got the Volume of the Voyage
   186 | D        | Entered arena 7.
   186 | D        | Noticed a cane toad
   186 | D        | Noticed a cane toad
   186 | D        | Noticed a cane toad
   187 | D        | Found a transporter.
   189 | D        | Reached ***** piety under Makhleb
   191 | D        | Killed a cane toad
   192 | D        | Reached skill level 10 in Armour
   192 | D        | Reached XP level 8. HP: 67/76 MP: 12/14
   192 | D        | Killed a cane toad
   193 | D        | Reached skill level 11 in Axes
   194 | D        | Killed a cane toad
   201 | D        | Got the ring of Yesterday {Fly rN+}
   237 | D        | Entered arena 8.
   237 | D        | Noticed a wind drake
   237 | D        | Noticed a wind drake
   237 | D        | Noticed a wind drake
   237 | D        | Noticed a wind drake
   237 | D        | Noticed a merfolk
   238 | D        | Found a transporter.
   243 | D        | Killed a merfolk
   244 | D        | Gained mutation: You passively map the area around you.
                  | [Deep Dwarf growth]
   244 | D        | Reached XP level 9. HP: 66/85 MP: 14/16
   244 | D        | Killed a wind drake
   245 | D        | Reached skill level 12 in Axes
   249 | D        | Killed a wind drake
   249 | D        | Reached ****** piety under Makhleb
   250 | D        | Reached skill level 10 in Evocations
   251 | D        | Killed a wind drake
   252 | D        | Reached skill level 10 in Invocations
   252 | D        | Killed a wind drake
   272 | D        | Entered arena 9.
   272 | D        | Noticed a cane toad
   273 | D        | Found a transporter.
   279 | D        | Killed a cane toad
   280 | D        | Reached skill level 13 in Axes
   286 | D        | Entered arena 10.
   287 | D        | Found a transporter.
   295 | D        | Reached XP level 10. HP: 96/96 MP: 16/18
   302 | D        | Entered arena 11.
   302 | D        | Noticed a deep elf death mage
   302 | D        | Noticed a deep elf knight
   302 | D        | Noticed a deep elf pyromancer
   302 | D        | Noticed a deep elf pyromancer
   302 | D        | Noticed a deep elf zephyrmancer
   302 | D        | Noticed a deep elf zephyrmancer
   302 | D        | Noticed a deep elf archer
   302 | D        | Noticed a deep elf knight
   303 | D        | Found a transporter.
   307 | D        | Killed a deep elf pyromancer
   308 | D        | Reached skill level 10 in Dodging
   308 | D        | Killed a deep elf zephyrmancer
   308 | D        | Killed a deep elf knight
   308 | D        | Killed a deep elf death mage
   308 | D        | Killed a deep elf pyromancer
   309 | D        | Reached skill level 14 in Axes
   309 | D        | Killed a deep elf archer
   310 | D        | Killed a deep elf zephyrmancer
   312 | D        | Killed a deep elf knight
   313 | D        | Reached skill level 15 in Axes
   314 | D        | Reached XP level 11. HP: 104/106 MP: 18/20
   434 | D        | Entered arena 12.
   434 | D        | Noticed a red draconian
   434 | D        | Noticed a white draconian
   434 | D        | Noticed a tentacled monstrosity
   434 | D        | Noticed an Orb Guardian
   434 | D        | Noticed an orb of fire
   434 | D        | Noticed a white draconian
   434 | D        | Noticed a green draconian
   434 | D        | Noticed a black draconian
   435 | D        | Killed from afar by an orb of fire

Illustrated notes

Levels and vault maps discovered:
D:        sprint_v [room_start, room_1, room_2, room_3, room_4, room_5, room_6,
          room_7, room_8, room_9, room_10, room_11, room_12, room_13, room_14,
          room_15, room_16, room_17, room_18, room_19, room_20, room_21,
          room_22, room_23, room_24, room_25, room_26, room_27]

Skill      XL: |  1  2  3  4  5  6  7  8  9 10 |
---------------+-------------------------------+-----
Fighting       | 2 3 4 5 6 7 9 |  9.0
Axes           | 5 6 8 9 10 11 13 15 | 15.1
Armour         | 3 5 7 8 10 11 12 14 | 14.7
Dodging        | 4 5 6 7 8 9 11 | 11.1
Invocations    | 3 4 6 7 8 9 10 12 | 12.3
Evocations     | 3 4 6 7 8 9 10 12 | 12.5
Throwing       | |  1.7

Action                   |  1- 3 |  4- 6 |  7- 9 | 10-12 || total
-------------------------+-------+-------+-------+-------++-------
Melee: Broad axe         |     6 |     6 |    33 |     4 ||    49
 Abil: Heal Wounds       |       |     1 |     3 |       ||     4
Evoke: Box of beasts     |       |       |       |     2 ||     2
       Condenser vane    |       |       |       |     1 ||     1
  Use: Potion            |     1 |       |       |       ||     1
 Stab: Distracted        |       |       |     1 |       ||     1
Armor: Plate armour      |     6 |     6 |    39 |     4 ||    55
Dodge: Dodged            |    11 |     3 |    30 |     3 ||    47
